 Dungeon Crawl Stone Soup version 0.30-b1-2-g02819fbbbe (webtiles) character file.

Game seed: 12314512748815697037

5098 nai the Thaumaturge (level 10, -1/50 HPs)
             Began as a Deep Elf Fire Elementalist on Dec 27, 2023.
             Was a Believer of Sif Muna.
             Slain by a troll (10 damage)
             ... on level 9 of the Dungeon.
             The game lasted 00:30:05 (10754 turns).

nai the Thaumaturge (Deep Elf Fire Elementalist)   Turns: 10754, Time: 00:30:12

Health: -1/50      AC: 10    Str:  5    XL:     10   Next: 32%
Magic:  13/27      EV: 13    Int: 25    God:    Sif Muna [**....]
Gold:   338        SH:  0    Dex: 15    Spells: 21/31 levels left

rFire   . . .        u - +8 dagger (speed)
rCold   . . .        (no shield)
rNeg    . . .        C - +2 steam dragon scales
rPois   +            (no helmet)
rElec   .            (no cloak)
rCorr   .            r - +2 pair of gloves
SInv    +            (no boots)
Will    +....        (no amulet)
Stlth   +++          l - ring of poison resistance
HPRegen 0.28/turn    d - ring of see invisible
MPRegen 0.20/turn

%: no passive effects
@: no status effects
A: no striking features
a: Renounce Religion, Channel Magic


You were on level 9 of the Dungeon.
You worshipped Sif Muna.
Sif Muna was pleased with you.
You visited 1 branch of the dungeon, and saw 9 of its levels.
You also visited: Sewer and Ossuary.

You collected 338 gold pieces.

Inventory:

Hand Weapons
 e - a +0 dagger of electrocution
 u - a +8 dagger of speed (weapon)
Armour
 a - a +2 robe
 r - a +2 pair of gloves (worn)
 C - +2 steam dragon scales (worn)
Jewellery
 d - a ring of see invisible (right hand)
 g - a ring of positive energy
 l - a ring of poison resistance (left hand)
 A - a +6 ring of dexterity
 B - an amulet of reflection
Wands
 f - a wand of acid (6)
Scrolls
 c - 4 scrolls of magic mapping
 h - 2 scrolls of amnesia
 m - a scroll of fog
 n - a scroll of blinking
 o - 3 scrolls of immolation
 v - 2 scrolls of fear
 w - 3 scrolls of teleportation
 y - a scroll of enchant weapon
Potions
 b - a potion of might {unknown}
 i - 4 potions of attraction
 j - 4 potions of curing
 k - 2 potions of haste {unknown}
 p - 2 potions of ambrosia {unknown}
 q - 2 potions of heal wounds {unknown}
 s - 2 potions of invisibility {unknown}
 t - 2 potions of degeneration {unknown}
 x - 3 potions of flight {unknown}
 z - a potion of berserk rage {unknown}


   Skills:
 - Level 4.0 Dodging
 - Level 5.0 Stealth
 + Level 11.4 Spellcasting
 + Level 9.3 Conjurations
 + Level 10.0 Fire Magic


You had 21 spell levels left.
You knew the following spells:

 Your Spells              Type           Power      Damage    Failure   Level
a - Foxfire               Conj/Fire      100%       2x1d9     1%          1
b - Scorch                Fire           100%       2d9       1%          2
c - Flame Wave            Conj/Fire      58%        2d14      1%          4
d - Volatile Blastmotes   Fire/Tloc      78%        2d16      1%          3

Your spell library contained the following spells:

 Spells                   Type           Power      Damage    Failure   Level
 Inner Flame              Hex/Fire       39%        N/A       1%          3
 Lesser Beckoning         Tloc           28%        N/A       6%          2
 Gell's Gravitas          Tloc           14%        N/A       13%         3
 Spider Form              Tmut/Pois      14%        N/A       13%         3
 Teleport Other           Tloc           14%        N/A       13%         3
 Irradiate                Conj/Tmut      18%        3d17      17%         5
 Alistair's Intoxication  Tmut/Pois      9%         N/A       75%         5
 Blade Hands              Tmut           7%         N/A       75%         5
 Yara's Violent Unravell  Hex/Tmut       7%         3d5       75%         5
 Statue Form              Tmut/Erth      9%         N/A       100%        6
 Dragon Form              Tmut           7%         N/A       100%        7
 Enfeeble                 Hex            7%         N/A       100%        7


Dungeon Overview and Level Annotations

Branches:
Dungeon (9/15)             Temple (0/1) D:7            Lair (0/5) D:8
  Sewer (visited)         Ossuary (visited)
    Orc: D:9-12

Altars:
Cheibriados
Gozag
Kikubaaqudgha
Makhleb
Qazlal
Sif Muna
Xom
Yredelemnul
The Shining One

Shops:
D:2 ?   D:7 ([(:


Message History

You miscast Volatile Blastmotes.
You are very lightly contaminated with residual magic.
Nothing appears to happen.
The troll shouts!
The foxfire hits the troll.
The troll is lightly wounded.
The troll attacks as you move away! The troll bites you!
The troll barely misses you. The troll claws you but does no damage.
Casting: Volatile Blastmotes (safe; 1% risk of failure)
Confirm with . or Enter, or press ? or * to list all spells.
A cloud of volatile blastmotes flares up around you!
The troll bites you but does no damage. The troll claws you but does no damage.
The troll barely misses you.
The cloud of blastmotes explodes!
The concussive blast engulfs the troll!
The troll is moderately wounded.
The concussive blast engulfs you!
You are knocked back by the blast.
Casting: Volatile Blastmotes (safe; 1% risk of failure)
Confirm with . or Enter, or press ? or * to list all spells.
A cloud of volatile blastmotes flares up around you!
The troll barely misses you. The troll claws you but does no damage.
The troll closely misses you.
Your magical contamination has completely faded away.
Casting: Volatile Blastmotes (safe; 1% risk of failure)
Confirm with . or Enter, or press ? or * to list all spells.
A cloud of volatile blastmotes flares up around you!
The troll misses you. The troll closely misses you.
The troll claws you but does no damage.
The cloud of blastmotes explodes!
The concussive blast engulfs the troll!!
The troll is severely wounded.
The concussive blast engulfs you!
* * * LOW HITPOINT WARNING * * *
You are knocked back by the blast.
Casting: Volatile Blastmotes (safe; 1% risk of failure)
Confirm with . or Enter, or press ? or * to list all spells.
A cloud of volatile blastmotes flares up around you!
The troll bites you.
* * * LOW HITPOINT WARNING * * *
The troll claws you!
You die...

.....# #.....#############.###
####.# #####.##......# #.
#....# #.##.####.# #.##.#
####.##.####.# #.##.#
#..........#.#
.....######.##.##.##.#.#
#.###......ยง##.##.##.#.# ...
#.# #.......##>##......####...#
..###.......##..@...........[..
...##.......##.T####...........
..).#.......##..#####..........
............##.....##.#####....
..........#.###.##.##.# ..#
...)....##..# #.##.##.# .#
.......#.#... #.......# #
.....##.#......###.#### ....#.
#....# .#........#


You could see a troll.

Vanquished Creatures
  Prince Ribbit (D:5)
  A shadow (D:9)
  2 steam dragons (D:8)
  4 water moccasins
  Duvessa (D:5)
  An orc warrior (D:8)
  2 sky beasts
  2 ice beasts
  6 ogres
  3 centaurs
  2 phantoms
  2 elf zombies (Ossuary)
  5 kobold brigands (Sewer)
  2 necrophages (D:5)
  A gnoll sergeant (D:7)
  4 bullfrogs
  3 scorpions
  6 wights
  Dowan (D:5)
  An electric eel (D:7)
  A centaur zombie (D:5)
  3 human zombies
  2 hounds (D:4)
  2 jellies (D:8)
  3 orc priests
  A sleepcap (D:7)
  2 iguanas (D:6)
  A scorpion zombie (D:5)
  7 orc wizards
  3 hound zombies
  6 mummies
  7 gnolls
  5 river rats
  17 adders
  A shadow imp (D:5)
  2 white imps
  4 adder zombies
  11 worms
  A dart slug (D:3)
  20 orcs
  9 endoplasms
  5 giant cockroaches
  7 goblins
  3 hobgoblins
  6 quokkas
  6 ball pythons
  4 bats
  2 frilled lizards
  A gnoll zombie (Ossuary)
  2 hobgoblin zombies (Ossuary)
  A jackal zombie (Ossuary)
  9 kobolds
  10 rats
214 creatures vanquished.

Vanquished Creatures (others)
  602 foxfires
602 creatures vanquished.

Grand Total: 816 creatures vanquished

Notes
Turn   | Place    | Note
-------+----------+-------------------------------------------
     0 | D:1      | nai the Deep Elf Fire Elementalist began the quest for the
                  | Orb.
     0 | D:1      | Reached XP level 1. HP: 10/10 MP: 6/6
   245 | D:1      | Reached XP level 2. HP: 15/15 MP: 6/8
  1030 | D:2      | Reached XP level 3. HP: 19/19 MP: 6/9
  1176 | D:2      | Got Sif Muna's Codex of the Gestalt
  1662 | D:2      | Found Fegic's Magic Scroll Shop.
  1909 | D:3      | Reached XP level 4. HP: 24/24 MP: 9/11
  1918 | D:3      | Noticed a scorpion
  1928 | D:3      | HP: 1/24 [cloud of steam (12)]
  1928 | D:3      | Killed a scorpion
  1929 | D:3      | Reached skill level 4 in Spellcasting
  1929 | D:3      | Reached XP level 5. HP: 2/28 MP: 4/13
  2138 | D:3      | Found a glowing drain.
  2145 | Sewer    | Entered a sewer
  2469 | Sewer    | Reached XP level 6. HP: 32/32 MP: 12/14
  2563 | Sewer    | Reached skill level 5 in Spellcasting
  2638 | Sewer    | Reached skill level 5 in Fire Magic
  2722 | Sewer    | Reached skill level 5 in Stealth
  2722 | Sewer    | Reached XP level 7. HP: 22/36 MP: 11/17
  3106 | D:3      | Learned a level 2 spell: Scorch
  3395 | D:3      | Found a shimmering blue altar of Sif Muna.
  3397 | D:3      | Found a faded altar of an unknown god.
  3430 | D:3      | Became a worshipper of Sif Muna the Loreminder
  4140 | D:4      | Reached skill level 6 in Spellcasting
  4321 | D:4      | Noticed a steam dragon
  4345 | D:5      | Entered Level 5 of the Dungeon
  4365 | D:5      | Identified a scroll of acquirement
  4365 | D:5      | Acquired a ring of see invisible
  4657 | D:5      | Reached skill level 5 in Conjurations
  4657 | D:5      | Reached XP level 8. HP: 33/41 MP: 13/20
  4743 | D:5      | Reached skill level 7 in Spellcasting
  4778 | D:5      | Reached * piety under Sif Muna
  5009 | D:5      | Noticed Prince Ribbit
  5022 | D:5      | Noticed Duvessa
  5022 | D:5      | Noticed Dowan
  5062 | D:5      | Killed Dowan
  5356 | D:5      | Found an ancient bone altar of Kikubaaqudgha.
  5503 | D:5      | Reached skill level 8 in Spellcasting
  5602 | D:5      | Learned a level 4 spell: Flame Wave
  5887 | D:5      | Killed Duvessa
  6164 | D:5      | Killed Prince Ribbit
  6165 | D:5      | Reached XP level 9. HP: 45/45 MP: 18/23
  6567 | D:4      | Reached skill level 9 in Spellcasting
  6668 | D:4      | Found a burning altar of Makhleb.
  6732 | D:4      | Found a snail-covered altar of Cheibriados.
  6821 | D:4      | You fall into a shaft and drop 3 floors!
  6882 | D:7      | Found a staircase to the Ecumenical Temple.
  7059 | D:6      | Found a sand-covered staircase.
  7063 | Ossuary  | Entered an ossuary
  7534 | D:6      | Reached skill level 10 in Spellcasting
  7696 | D:6      | Reached ** piety under Sif Muna
  7936 | D:6      | Found an opulent altar of Gozag.
  8473 | D:7      | Found Mulenaiv's Book Emporium.
  8479 | D:7      | Found Imonuw's Weapon Boutique.
  8483 | D:7      | Found Beolits's Armour Emporium.
  8483 | D:7      | Found Isaim's Weapon Boutique.
  8629 | D:7      | Learned a level 3 spell: Volatile Blastmotes
  8715 | D:7      | Found a shimmering altar of Xom.
  8918 | D:7      | Found a glowing golden altar of the Shining One.
  9468 | D:8      | Found a staircase to the Lair.
  9498 | D:8      | Found a shimmering blue altar of Sif Muna.
  9509 | D:8      | Reached XP level 10. HP: 31/50 MP: 19/26
  9746 | D:8      | Reached skill level 11 in Spellcasting
  9928 | D:8      | Found a stormy altar of Qazlal.
 10585 | D:9      | Found a basalt altar of Yredelemnul.
 10670 | D:9      | Reached skill level 10 in Fire Magic
 10754 | D:9      | Slain by a troll

Illustrated notes

Levels and vault maps discovered:
D:1:      beargit_arrival_greenhouse, layout_basic
D:2:      layout_basic, serial_shops, nicolae_shop_peninsula
D:3:      layout_loops_cross, mainiacjoe_overflow_brackets,
          lightli_sewer_entry_pipes, hellmonk_ecumenical_altar_run_dry
D:4:      layout_basic, mainiacjoe_overflow_24_doors,
          mainiacjoe_overflow_chevrons, serial_shops, shop_statue
D:5:      layout_loops_corners, lemuel_mausoleum_altar_kikubaaqudgha,
          nicolae_wormholes, uniq_duvessa, uniq_prince_ribbit1
D:6:      layout_cave_pools, lemuel_coloured_pillars_altar, enter_ossuary_5
D:7:      layout_rooms, tso_oasis_becter, mainiacjoe_overflow_surrounded_room,
          minmay_temple_entry_mist, serial_co_window_serial, co_window_corner_a,
          co_window_paths_b, co_window_paths_a, co_window_corner_a,
          co_window_paths_b, co_window_of_opportunity_b,
          co_window_of_opportunity_b, co_window_cross_2, co_window_cross_2,
          glass_columns_c, glass_columns_b, glass_columns_c, glass_columns_b,
          nicolae_wooded_promenade
D:8:      layout_basic, dpeg_oklobed_lair, hangedman_feature_mirror
D:9:      layout_loops_cross, nicolae_overflow_crystal_walls,
          mainiacjoe_overflow_paths, mainiacjoe_overflow_concentric_impassable,
          serial_shops, shop, minmay_misc_feat_secret_circle, uniq_maggie

Skill      XL: |  1  2  3  4  5  6  7  8  9 10 |
---------------+-------------------------------+-----
Stealth        | 3 4 5 |  5.0
Dodging        | 3 4 |  4.0
Conjurations   | 2 3 5 6 8 9 |  9.3
Spellcasting   | 4 5 6 8 10 11 | 11.4
Fire Magic     | 4 5 6 7 9 10 | 10.0

Action                     |  1- 3 |  4- 6 |  7- 9 | 10-12 || total
---------------------------+-------+-------+-------+-------++-------
  Melee: Dagger            |       |       |     1 |       ||     1
   Cast: Foxfire           |    59 |    51 |   217 |    44 ||   371
         Scorch            |       |       |   133 |    29 ||   162
         Flame Wave        |       |       |     3 |       ||     3
         Volatile Blastmot |       |       |     7 |    12 ||    19
    Use: Scroll            |       |       |    22 |     2 ||    24
         Potion            |       |       |     1 |       ||     1
 Armour: Robe              |     6 |     8 |    19 |       ||    33
         Steam dragon scal |       |       |       |    10 ||    10
  Dodge: Dodged            |    20 |    26 |    53 |    14 ||   113
